 Dungeon Crawl Stone Soup version 0.28-a0-631-g0446da8ef9 (webtiles) character file.

Game seed: 13764987424122330723

20937 Armakuni the Protected (level 13, -7/99 HPs)
             Began as a Human Wanderer on Oct 9, 2021.
             Was a Priest of Vehumet.
             Mangled by a troll (10 damage)
             ... on level 12 of the Dungeon.
             The game lasted 00:46:31 (16121 turns).

Armakuni the Protected (Human Wanderer)            Turns: 16121, Time: 00:46:31

Health: -7/99      AC:  7    Str: 13    XL:     13   Next: 16%
Magic:  28/28      EV: 14    Int: 18    God:    Vehumet [***...]
Gold:   735        SH:  0    Dex: 13    Spells: 13/20 levels left

rFire   . . .      SeeInvis +   j - +6 dire flail (holy)
rCold   . . .      Faith    .   (shield currently unavailable)
rNeg    + . .      Spirit   .   u - +0 troll leather armour
rPois   .          Reflect  .   g - +1 hat {Int+3}
rElec   .          Harm     .   w - scarf {repulsion}
rCorr   .          Rampage  .   (no gloves)
Will    .....                   i - +0 pair of boots of Cakhole {rN+}
Stlth   ++........              M - amulet of magic regeneration
HPRegen 1.26/turn               P - ring of magical power
MPRegen 0.46/turn               (no ring)

@: repel missiles
A: see invisible, weak 1, subdued magic 1
a: Renounce Religion


You were on level 12 of the Dungeon.
You worshipped Vehumet.
Vehumet was most pleased with you.
You visited 2 branches of the dungeon, and saw 16 of its levels.
You also visited: Gauntlet.

You collected 735 gold pieces.

Inventory:

Hand Weapons
 a - a +2 shortbow
 j - a +6 dire flail of holy wrath (weapon)
 v - a +1 hand axe of flaming
 B - the +6 rapier "Icaexykh" {vamp, Will+}
   (You found it on level 8 of the Dungeon)

   It occasionally heals its wielder for a portion of the damage dealt when it
   wounds a living foe.
   Will:      It increases your willpower.
Missiles
 e - 110 arrows
 r - a throwing net
Armour
 d - a +0 helmet of see invisible
 g - a +1 hat of intelligence (worn)
 i - the +0 pair of boots of Cakhole (worn) {rN+}
   (You found it in a Gauntlet)

   rN:        It protects you from negative energy.
 k - a +0 hat of willpower
 s - a +0 buckler
 u - a +0 troll leather armour (worn)
 w - a scarf of repulsion (worn)
Magical Staves
 x - a staff of conjuration
Jewellery
 F - a ring of fire
 J - a ring of ice
 M - an amulet of magic regeneration (around neck)
 P - a ring of magical power (left hand)
Scrolls
 c - 5 scrolls of teleportation
 f - a scroll of amnesia
 h - a scroll of identify
 q - a scroll of holy word
 t - a scroll of vulnerability
Potions
 b - a potion of mutation
 l - a potion of cancellation
 n - a potion of ambrosia
 o - a potion of resistance
Miscellaneous
 m - a phial of floods (inert)
 p - a condenser vane (inert)
 z - a box of beasts (inert)


   Skills:
 - Level 8.3 Fighting
 - Level 3.3(5.3) Short Blades
 - Level 6.4(6.8) Long Blades
 + Level 4.9(7.4) Maces & Flails
 - Level 8.6(9.2) Staves
 - Level 4.0 Bows
 - Level 8.7 Armour
 - Level 7.6 Dodging
 - Level 2.0 Stealth
 + Level 4.1 Spellcasting
 + Level 1.5 Conjurations
 - Level 3.5 Earth Magic
 - Level 7.0 Evocations


You had 13 spell levels left.
You knew the following spells:

 Your Spells              Type           Power      Damage    Failure   Level
l - Lee's Rapid Deconstr  Erth           6%         3d7*      26%         5
z - Searing Ray           Conj           14%        2d5       3%          2

Your spell library contained the following spells:

 Spells                   Type           Power      Damage    Failure   Level
 Pain                     Necr           8%         1d4       16%         1
 Call Canine Familiar     Summ           2%         N/A       43%         3
 Portal Projectile        Hex/Tloc       4%         N/A       43%         3
 Leda's Liquefaction      Hex/Erth       3%         N/A       61%         4
 Animate Dead             Necr           1%         N/A       85%         4
 Summon Ice Beast         Ice/Summ       2%         N/A       85%         4
 Borgnjor's Vile Clutch   Necr/Erth      3%         N/A       92%         5
 Agony                    Necr           2%         N/A       99%         5
 Excruciating Wounds      Necr           1%         N/A       99%         5
 Summon Mana Viper        Hex/Summ       2%         N/A       99%         5
 Death Channel            Necr           1%         N/A       100%        6
 Statue Form              Tmut/Erth      4%         N/A       100%        6
 Monstrous Menagerie      Summ           1%         N/A       100%        7


Dungeon Overview and Level Annotations

Branches:
Dungeon (15/15)            Temple (1/1) D:6            Lair (0/6) D:8
Gauntlet (visited)
    Orc: D:9-12      Vaults: D:13-14     Depths: D:15

Altars:
Ashenzari
Cheibriados
Dithmenos
Elyvilon
Fedhas
Gozag
Hepliaklqana
Kikubaaqudgha
Makhleb
Nemelex Xobeh
Okawaru
Qazlal
Ru
Sif Muna
Trog
Uskayaw
Vehumet
Wu Jian
Xom
Yredelemnul
Zin
The Shining One

Shops:
D:5 =

Annotations:
D:15 Jorgrun


Innate Abilities, Weirdness & Mutations

You have supernaturally acute eyesight. (SInv)
You are weak. (Str -2)
Your spells are a little easier to cast, but a little less powerful.


Message History

You hit the troll but do no damage.
The troll is lightly wounded.
The troll closely misses you. x3
You closely miss the troll.
The troll is lightly wounded.
The troll closely misses you. The troll claws you. The troll claws you!
You closely miss the troll.
The troll is lightly wounded.
The troll bites you. The troll claws you. The troll claws you!
You are too injured to fight recklessly!
You closely miss the troll.
The troll is lightly wounded.
The troll bites you but does no damage. The troll claws you!
The troll barely misses you.
You closely miss the troll.
The troll is lightly wounded.
The troll closely misses you.
The troll claws you but does no damage. x2
You sock the troll!
The troll is moderately wounded.
The troll bites you!
* * * LOW HITPOINT WARNING * * *
The troll claws you!
* * * LOW HITPOINT WARNING * * *
The troll misses you.
You hit the troll.
The troll is heavily wounded.
The troll misses you. The troll claws you.
* * * LOW HITPOINT WARNING * * *
The troll claws you but does no damage.
You hit the troll.
The troll is heavily wounded.
The troll bites you.
* * * LOW HITPOINT WARNING * * *
The troll claws you!
* * * LOW HITPOINT WARNING * * *
The troll barely misses you.
You closely miss the troll.
The troll is heavily wounded.
The troll bites you!
You die...

#..######.# #.# ######. ...# #.#
#.# #. ##.######.####.# #.
...............## ###### #.
##.######.######.# #^...### #.
#.# #.# ## #.#####......# #.
#.######.# #.###........(..###.
#......#.#####T#.#####..)∩)..##.
######.#.......@## ##..)...##.
#.########## #......##. #.#
######.##. #.# #.##. #.# #....
#.################.........
#..........^.......########
##################


You could see a troll.

Vanquished Creatures
  A minotaur (Gauntlet)
  2 hydras
  A two-headed ogre (D:10)
  Pikel (D:7)
  A cyclops (D:11)
  2 centaur zombies (D:10)
  An elephant (Gauntlet)
  A smoke demon (Gauntlet)
  A komodo dragon (D:10)
  2 trolls
  2 hornets (D:8)
  A red devil (Gauntlet)
  A meliai zombie (D:10)
  A vampire (D:11)
  3 shadows
  A wraith (D:11)
  A basilisk (D:12)
  15 yaks
  7 vampire mosquitoes
  2 steam dragons
  Menkaure (D:7)
  Duvessa (D:4)
  4 water moccasins
  5 orc warriors
  3 ice beasts
  2 necrophages
  An ogre (D:5)
  A centaur (D:9)
  2 phantoms (D:6)
  2 kobold brigands
  3 bullfrogs
  A wyvern zombie (D:9)
  2 scorpions
  Dowan (D:4)
  6 killer bees
  9 wights
  An electric eel (D:12)
  3 crimson imps (Gauntlet)
  2 howler monkeys (D:7)
  2 hounds (D:5)
  5 orc priests
  3 jellies
  Crazy Yiuf (D:6)
  3 centaur skeletons
  3 bullfrog skeletons
  3 iguanas
  Natasha (D:4)
  14 orc wizards
  A killer bee zombie (D:6)
  A howler monkey zombie (D:10)
  6 adders
  3 gnolls (D:7)
  A shadow imp (D:6)
  2 white imps
  2 adder skeletons (D:4)
  3 worms
  3 dart slugs
  37 orcs
  9 ball pythons
  6 bats
  8 endoplasms
  3 giant cockroaches
  8 goblins
  8 hobgoblins
  5 quokkas
  2 frilled lizards (D:1)
  19 kobolds
  A quokka skeleton (D:3)
  9 rats
269 creatures vanquished.

Vanquished Creatures (others)
  An orc wizard (D:9)
  6 fungi (Gauntlet)
  12 plants (Gauntlet)
  2 withered plants (Gauntlet)
21 creatures vanquished.

Grand Total: 290 creatures vanquished

Notes
Turn   | Place    | Note
-------+----------+-------------------------------------------
     0 | D:1      | Armakuni the Human Wanderer began the quest for the Orb.
     0 | D:1      | Armakuni set off with the following items: a +2 shortbow,
                  | 24 arrows, 2 scrolls of teleportation, a +0 robe, a +0
                  | dagger
     0 | D:1      | Reached XP level 1. HP: 15/15 MP: 1/1
    62 | D:1      | Reached XP level 2. HP: 22/22 MP: 2/2
   350 | D:1      | Reached XP level 3. HP: 22/28 MP: 3/3
   428 | D:1      | Found a faded altar of an unknown god.
  1076 | D:2      | Reached XP level 4. HP: 35/35 MP: 4/4
  1633 | D:3      | You fall into a shaft and drop 3 floors!
  1639 | D:6      | Reached XP level 5. HP: 38/43 MP: 5/5
  1682 | D:6      | Noticed an ice beast
  1682 | D:6      | Noticed a water moccasin
  1692 | D:6      | Noticed a bullfrog
  1705 | D:6      | Noticed a phantom
  1708 | D:6      | Noticed a steam dragon
  1709 | D:6      | Noticed an ice beast
  1715 | D:5      | Entered Level 5 of the Dungeon
  1715 | D:5      | Found Doraah's Jewellery Boutique.
  1907 | D:3      | Reached skill level 1 in Evocations
  2045 | D:3      | Found a shimmering altar of Xom.
  2045 | D:3      | Found a shimmering altar of Xom.
  2046 | D:3      | Found a shimmering altar of Xom.
  2050 | D:3      | Found a shimmering altar of Xom.
  2050 | D:3      | Found a shimmering altar of Xom.
  2053 | D:3      | Found a shimmering altar of Xom.
  2053 | D:3      | Found a shimmering altar of Xom.
  2087 | D:3      | Found a hide-covered altar of Uskayaw.
  2202 | D:3      | Reached XP level 6. HP: 50/50 MP: 6/6
  2277 | D:3      | Reached skill level 5 in Fighting
  2684 | D:4      | Noticed Duvessa
  2684 | D:4      | Noticed Dowan
  2707 | D:4      | Killed Duvessa
  2708 | D:4      | Reached XP level 7. HP: 46/56 MP: 7/7
  2762 | D:4      | Killed Dowan
  2873 | D:4      | Found a basalt altar of Yredelemnul.
  3005 | D:4      | Noticed Natasha
  3013 | D:4      | Killed Natasha
  3413 | D:4      | Found a bloodstained altar of Trog.
  3774 | D:5      | Noticed a water moccasin
  3783 | D:5      | Killed a water moccasin
  3784 | D:5      | Reached XP level 8. HP: 59/62 MP: 8/8
  4325 | D:6      | Found a staircase to the Ecumenical Temple.
  4334 | Temple   | Entered the Ecumenical Temple
  4400 | Temple   | Became a worshipper of Vehumet
  4542 | D:6      | Reached skill level 5 in Long Blades
  4542 | D:6      | Reached XP level 9. HP: 68/68 MP: 9/9
  4714 | D:6      | Found an ornate altar of the Wu Jian Council.
  5009 | D:6      | Found a runed translucent door.
  5010 | D:6      | Noticed Crazy Yiuf
  5016 | D:6      | Killed Crazy Yiuf
  5149 | D:5      | Reached skill level 1 in Staves
  5486 | D:6      | Found a snail-covered altar of Cheibriados.
  6194 | D:7      | Reached * piety under Vehumet
  6194 | D:7      | Offered knowledge of Freeze by Vehumet.
  6210 | D:7      | Noticed Pikel
  6225 | D:7      | Killed Pikel
  6226 | D:7      | Reached XP level 10. HP: 65/74 MP: 10/10
  6270 | D:7      | Found a hazy altar of Hepliaklqana.
  6566 | D:7      | Found an opulent altar of Gozag.
  6570 | D:7      | Noticed Menkaure
  6576 | D:7      | Killed Menkaure
  7203 | D:8      | Identified the +6 rapier "Icaexykh" {vamp, Will+}
  7638 | D:8      | Found a staircase to the Lair.
  7870 | D:8      | Paralysed by a hornet for 1 turns
  8198 | D:8      | Paralysed by a hornet for 3 turns
  8203 | D:8      | Paralysed by a hornet for 3 turns
  8831 | D:9      | Reached skill level 5 in Evocations
  9485 | D:9      | You fall into a shaft and drop 2 floors!
  9510 | D:10     | Entered Level 10 of the Dungeon
  9634 | D:10     | Found a sparkling altar of Nemelex Xobeh.
  9650 | D:10     | Offered knowledge of Magic Dart by Vehumet.
  9652 | D:10     | Reached XP level 11. HP: 81/84 MP: 11/11
  9701 | D:10     | Reached ** piety under Vehumet
 10587 | D:9      | Reached skill level 5 in Armour
 10587 | D:9      | Reached skill level 5 in Dodging
 11365 | D:10     | Reached XP level 12. HP: 94/94 MP: 12/12
 11449 | D:10     | Reached skill level 1 in Spellcasting
 11758 | D:10     | Noticed a two-headed ogre
 11762 | D:10     | Killed a two-headed ogre
 12317 | D:11     | Reached skill level 1 in Maces & Flails
 12410 | D:11     | Noticed a six-headed hydra
 12662 | D:11     | Killed a six-headed hydra
 13475 | D:12     | Learned a level 5 spell: Lee's Rapid Deconstruction
 13495 | D:12     | You fall into a shaft and drop 3 floors!
 13495 | D:15     | Entered Level 15 of the Dungeon
 13495 | D:15     | Found a gate leading to a gauntlet.
 13500 | Gauntlet | Entered a Gauntlet
 13500 | Gauntlet | Found a transporter.
 13510 | Gauntlet | Found a transporter.
 13525 | Gauntlet | Found a transporter.
 13530 | Gauntlet | Found a transporter.
 13534 | Gauntlet | Noticed a blizzard demon
 13547 | Gauntlet | Found a transporter.
 13561 | Gauntlet | Noticed a death scarab
 13565 | Gauntlet | Found a transporter.
 13568 | Gauntlet | Noticed a death scarab
 13574 | Gauntlet | Noticed a blizzard demon
 13577 | Gauntlet | Found a transporter.
 13586 | Gauntlet | Found a transporter.
 13601 | Gauntlet | Found a transporter.
 13607 | Gauntlet | Found a transporter.
 13607 | Gauntlet | Noticed a death yak
 13613 | Gauntlet | Noticed a death yak
 13614 | Gauntlet | Noticed a death yak
 13622 | Gauntlet | Found a transporter.
 13626 | Gauntlet | Noticed a dire elephant
 13639 | Gauntlet | Found a transporter.
 13659 | Gauntlet | Found a transporter.
 13684 | Gauntlet | Found a transporter.
 13686 | Gauntlet | Found a transporter.
 13706 | Gauntlet | Found a transporter.
 13784 | Gauntlet | Found a transporter.
 13804 | Gauntlet | Found a transporter.
 14071 | Gauntlet | Reached skill level 1 in Earth Magic
 14077 | Gauntlet | Gained mutation: You are weak. (Str -2) [potion of
                  | mutation]
 14077 | Gauntlet | Gained mutation: Your spells are a little easier to cast,
                  | but a little less powerful. [potion of mutation]
 14077 | Gauntlet | Gained mutation: You have supernaturally acute eyesight.
                  | (SInv) [potion of mutation]
 14393 | Gauntlet | Identified the +0 pair of boots of Cakhole {rN+}
 14448 | Gauntlet | Noticed a minotaur
 14455 | Gauntlet | Killed a minotaur
 14456 | Gauntlet | Reached XP level 13. HP: 87/99 MP: 18/18
 14530 | D:15     | Noticed a seven-headed hydra
 14536 | D:15     | Killed a seven-headed hydra
 14538 | D:15     | Noticed a centaur warrior
 14569 | D:15     | Noticed Jorgrun
 14659 | D:13     | Noticed a four-headed hydra
 14710 | D:12     | Offered knowledge of Searing Ray by Vehumet.
 14717 | D:12     | Learned a level 2 spell: Searing Ray
 15281 | D:12     | Reached skill level 1 in Conjurations
 15288 | D:12     | Reached *** piety under Vehumet
 15571 | D:12     | Found a sacrificial altar of Ru.
 16096 | D:12     | Identified the +3 spear "Yrenav" {freeze, rF+ Int+3}
 16120 | D:12     | HP: 1/99 [troll (11)]
 16121 | D:12     | Mangled by a troll

Illustrated notes

Levels and vault maps discovered:
D:1:      saegor_arrival_simple_e, layout_rooms, ebering_ecumenical_altar_hall,
          columned_hall_lemuel, minmay_misc_feat_columns
D:2:      layout_loops_ring
D:3:      layout_loops_ring, eat_drink_and_be_merry_uskayaw, xom_redecorated,
          serial_park_tiny_1
D:4:      layout_loops_ring, trog_butcher_becter,
          mainiacjoe_overflow_tiny_flanked, kennysheep_big_empty_room,
          uniq_natasha, uniq_duvessa
D:5:      layout_gridville, serial_shops, nicolae_take_the_stairs
D:6:      kennysheep_six_static_rooms, layout_basic,
          nicolae_wu_jian_wuxing_cycle, mainiacjoe_overflow_alcove_1,
          minmay_temple_entry_statues_fountains, nrook_mini_vaults,
          kennysheep_generic_room_7, uniq_crazy_yiuf_cottage
D:7:      layout_loops_corners, mainiacjoe_overflow_cross_hatched,
          old_standard_altar, uniq_menkaure, uniq_pikel
D:8:      layout_gridville, lair_entry_dummy
D:9:      layout_loops_ring
D:10:     layout_cave_pods, mainiacjoe_overflow_concentric_impassable
D:11:     layout_loops_ring
D:12:     layout_loops_ring, erik_orc_2, portal_ice_cave_entry_imps,
          enter_bailey_2, nicolae_ru_awakened_eye
D:13:     layout_small_grid, hangedman_vaults_entry_quadrant_bands,
          kennysheep_generic_room_2
D:14:     layout_stronghold, minmay_diced_spiral
D:15:     gammafunk_enter_depths_forms, layout_irregular_city,
          gauntlet_entry_generic, serial_co_window_serial, co_window_paths_a,
          co_window_paths_b, co_window_paths_a, co_window_cross_1,
          co_window_paths_b, co_window_paths_a, co_window_corner_a,
          co_window_2corner, co_window_broadway_c, co_window_broadway_c,
          co_window_broadway_a, co_window_corner_b, co_window_broadway_a,
          co_window_corner_ca, glass_columns_a, uniq_agnes, uniq_jorgrun,
          uniq_rupert
Temple:   cyrus_circular_temple

Skill      XL: |  1  2  3  4  5  6  7  8  9 10 11 12 13 |
---------------+----------------------------------------+-----
Fighting       | 2 3 4 5 7 8 |  8.3
Evocations     | 1 4 6 7 |  7.0
Armour         | 3 4 7 8 |  8.7
Dodging        | 3 4 7 |  7.6
Long Blades    | 5 6 |  6.4
Staves         | 6 7 8 |  8.6
Short Blades   | 3 |  3.3
Spellcasting   | 3 4 |  4.1
Maces & Flails | 3 4 |  4.9
Earth Magic    | 2 3 |  3.5
Conjurations   | 1 |  1.5
Bows           | |  4.0
Stealth        | |  2.0

Action                   |  1- 3 |  4- 6 |  7- 9 | 10-12 | 13-15 || total
-------------------------+-------+-------+-------+-------+-------++-------
Melee: Hand axe          |       |       |     3 |       |       ||     3
       Scimitar          |       |       |    90 |    27 |       ||   117
       Quarterstaff      |       |       |       |   219 |       ||   219
       Rapier            |       |       |       |    15 |       ||    15
       Dire flail        |       |       |       |    98 |   114 ||   212
 Fire: Shortbow          |    81 |   133 |   213 |     8 |       ||   435
Throw: Throwing net      |       |       |       |     4 |       ||     4
Evoke: Wand              |       |     1 |    14 |    28 |     1 ||    44
       Condenser vane    |       |       |       |     2 |       ||     2
       Phial of floods   |       |       |       |     1 |       ||     1
       Box of beasts     |       |       |       |       |     1 ||     1
  Use: Scroll            |     1 |     4 |     8 |    13 |     3 ||    29
       Potion            |       |       |       |    14 |     1 ||    15
 Stab: Paralysed         |       |       |     4 |     1 |       ||     5
       Held in net/web   |       |       |       |     1 |       ||     1
       Petrified         |       |       |       |     4 |       ||     4
       Petrifying        |       |       |       |     1 |       ||     1
       Confused          |       |       |       |     2 |       ||     2
       Invisible         |       |       |       |     1 |       ||     1
Armor: Ring mail         |     4 |    13 |    75 |    10 |       ||   102
       Leather armour    |       |       |       |   135 |    29 ||   164
       Skin              |       |       |       |    30 |       ||    30
       Troll leather arm |       |       |       |       |     5 ||     5
Dodge: Dodged            |     8 |    24 |    92 |   222 |    96 ||   442
       Repelled          |       |       |       |     2 |       ||     2

Table legend: (Time is in decaauts)
 A = Elapsed time spent in this place.
 B = Non-inter-level travel time spent in this place.
 C = Inter-level travel time spent in this place.
 D = Time resting spent in this place.
 E = Time spent auto-exploring this place.
 F = Levels seen in this place.
 G = Mean time per level.
                   A        B        C        D        E       F      G
               +--------+--------+--------+--------+--------+-----+--------+
         Total |  16210 |  15743 |    467 |   4710 |   7571 |  17 |  953.5 |
       Dungeon |  15119 |  14673 |    446 |   4283 |   7254 |  15 | 1007.9 |
        Temple |     79 |     58 |     21 |      0 |     42 |   1 |   79.0 |
      Gauntlet |   1012 |   1012 |      0 |    427 |    275 |   1 | 1012.0 |
               +--------+--------+--------+--------+--------+-----+--------+

Top non-repeatable levels by time:
     D:9: 1964 daAuts
    D:10: 1701 daAuts
    D:11: 1700 daAuts
     D:6: 1664 daAuts
     D:8: 1214 daAuts
     D:7: 1185 daAuts
     D:4: 1074 daAuts
     D:5: 1055 daAuts
    D:12: 1042 daAuts
Gauntlet: 1012 daAuts
     D:3: 882 daAuts
     D:2: 793 daAuts
     D:1: 666 daAuts
    D:15: 86 daAuts
  Temple: 79 daAuts
